 Dungeon Sprint DCSS version 0.27-a0-1302-g7736ffe575 (console) character file.

Game seed: 15562989213380225739

5923 Banquo the Eclecticist (level 11, -3/88 HPs)
             Began as a Djinni Venom Mage on June 18, 2021.
             Slain by a demonic crawler (8 damage)
             ... in the Dungeon (Sprint I: "Red Sonja").
             The game lasted 00:20:12 (1628 turns).

Banquo the Eclecticist (Djinni Venom Mage)          Turns: 1628, Time: 00:20:13

Health: -3/88      AC:  4    Str:  7    XL:     11   Next: 9%
Gold:   1035       EV: 16    Int: 19    God:
                   SH:  0    Dex: 15

rFire    + + .     SeeInvis .   r - +1 hand axe (elec)
rCold    . . .     Faith    .   (no shield)
rNeg     . . .     Spirit   .   i - +2 robe {rC+}
rPois    ∞         Reflect  .   (no helmet)
rElec    .         Harm     .   (no cloak)
rCorr    .         Rampage  .   (no gloves)
Will     +....     NoTele   +   (boots unavailable)
Stlth    ++........             q - amulet of regeneration
HPRegen  1.24/turn              (no ring)
MPRegen  0.00/turn              (no ring)

@: flying, hasted, very quick
A: sickness immunity, fire resistance 2, cold vulnerability 1, float, innate
caster, hp casting, extra vitality 1
a: no special abilities


You were in the Dungeon.
You visited 1 branch You collected 1695 gold pieces.
You spent 660 gold pieces at shops.

Inventory:

Hand Weapons
 e - a +0 club
 k - a +2 dagger of distortion
 l - a +0 whip
 o - a +0 dagger
 p - a +0 war axe
 r - a +1 hand axe of electrocution (weapon)
Missiles
 j - 3 curare-tipped darts
 m - 59 stones
Armour
 a - a +0 robe
 g - a +0 leather armour
 i - a +2 robe of cold resistance (worn)
Jewellery
 q - an amulet of regeneration (around neck)
Wands
 h - a wand of digging (6)
Scrolls
 f - a scroll of blinking
 n - 3 scrolls of identify {unknown}
 u - 2 scrolls of enchant armour {unknown}
 v - a scroll of amnesia {unknown}
 w - a scroll of fear {unknown}
Potions
 b - 3 potions of curing
 c - a potion of heal wounds
 s - a potion of might {unknown}
 x - a potion of attraction {unknown}
Miscellaneous
 t - a phantom mirror


   Skills:
 * Level 11.6 Fighting
 + Level 8.1 Dodging
 - Level 2.2 Stealth
 - Level 0.7 Unarmed Combat
 + Level 15.9 Spellcasting


You had 14 spell levels left.
You knew the following spells:

 Your Spells              Type           Power      Damage    Failure   Level
a - Sting                 Tmut/Pois      100%       1d8       0%          1
b - Lesser Beckoning      Tloc           33%        N/A       1%          3
c - Mephitic Cloud        Conj/Pois/Air  66%        N/A       1%          3
d - Agony                 Necr           66%        N/A       1%          5
f - Apportation           Tloc           100%       N/A       0%          1
g - Summon Guardian Gole  Hex/Summ       66%        N/A       1%          3
i - Ignite Poison         Fire/Tmut/Pois 66%        N/A       1%          3
p - Poisonous Vapours     Pois/Air       100%       N/A       0%          2
B - Blink                 Tloc           N/A        N/A       0%          2
O - Olgreb's Toxic Radia  Pois           66%        N/A       1%          4
Your spell library was empty.

Dungeon Overview and Level Annotations

Branches:
Dungeon (1/1)

Altars:
Cheibriados
Dithmenos
Elyvilon
Fedhas
Gozag
Hepliaklqana
Kikubaaqudgha
Makhleb
Nemelex Xobeh
Okawaru
Qazlal
Ru
Sif Muna
Trog
Uskayaw
Vehumet
Wu Jian
Xom
Yredelemnul
Zin
The Shining One
Jiyva
Lugonu

Shops:
D =[?(([*!?([!(**[*


Innate Abilities, Weirdness & Mutations

You are immune to sickness and miasma.
You are immune to poison.
Your flesh is very heat resistant. (rF++)
You are vulnerable to cold. (rC-)
You float through the air rather than walking.
You learn spells naturally, not from books.
Your magical power is your life essence.
You have superior vitality. (+4 HP)


Message History

The demonic crawler is lightly wounded.
The demonic crawler is engulfed in blazing flames. x3
You hit the demonic crawler but do no damage.
The demonic crawler is lightly wounded.
The demonic crawler is engulfed in blazing flames.
The demonic crawler hits you. The demonic crawler hits you!
The demonic crawler barely misses you.
You hit the demonic crawler but do no damage.
The demonic crawler is lightly wounded.
You hit the demonic crawler but do no damage.
The demonic crawler closely misses you. x2
The demonic crawler barely misses you.
The demonic crawler closely misses you. x2
The demonic crawler hits you but does no damage.
The demonic crawler is engulfed in blazing flames.
The demonic crawler hits you.
The demonic crawler hits you but does no damage.
The demonic crawler barely misses you.
You hit the demonic crawler but do no damage.
The demonic crawler is lightly wounded.
You hit the demonic crawler but do no damage.
The demonic crawler hits you but does no damage.
The demonic crawler hits you. The demonic crawler closely misses you.
The demonic crawler is engulfed in blazing flames.
The demonic crawler hits you.
* * * LOW HITPOINT WARNING * * *
The demonic crawler hits you!
* * * LOW HITPOINT WARNING * * *
The demonic crawler hits you.
* * * LOW HITPOINT WARNING * * *
Unknown command.
You hit the demonic crawler.
The demonic crawler is moderately wounded.
You hit the demonic crawler but do no damage.
The demonic crawler closely misses you. The demonic crawler misses you.
The demonic crawler barely misses you.
The demonic crawler is engulfed in blazing flames.
The demonic crawler closely misses you. The demonic crawler hits you.
* * * LOW HITPOINT WARNING * * *
The demonic crawler hits you!
You die...

##########################
#<.#..'..#.@ss.#__#..'[).#
#..'.)#..).s#s.'..'.s#...##+
#..#####'#####'#__####...ss.
#..####..#...#.####§§#####..
#..#__####..##.#§≈§§§#..# #
#..#_____##'#_.'≈≈§.§§..#
#⌠⌠#_.∩...'..._#≈§≈§.#..#
####_..__##_.#'##§#####'###
#_____###'#.#..)|###.'.#


You could see 4 demonic crawlers.

Vanquished Creatures
  2 centaur warriors (D)
  Sonja (D)
  A deep troll (D)
  An oklob plant (D)
  2 unseen horrors (D)
  2 kobold demonologists (D)
  A hornet (D)
  A slime creature (D)
  2 redbacks (D)
  Sigmund (D)
  A yak (D)
  2 floating eyes (D)
  7 necrophages (D)
  An ogre (D)
  8 jellies (D)
  Ijyb (D)
34 creatures vanquished.

Vanquished Creatures (others)
  2 hornets (D)
  2 ballistomycete spores (D)
4 creatures vanquished.

Grand Total: 38 creatures vanquished

Notes
Turn   | Place    | Note
-------+----------+-------------------------------------------
     0 | D        | Banquo the Djinni Venom Mage began the quest for the Orb.
     0 | D        | Reached XP level 1. HP: 15/15 MP: 0/0
     1 | D        | Noticed Ijyb
     9 | D        | Killed Ijyb
    10 | D        | Reached skill level 4 in Spellcasting
    10 | D        | Reached XP level 2. HP: 16/21 MP: 0/0
    10 | D        | Reached XP level 3. HP: 19/25 MP: 0/0
    10 | D        | Learned a level 1 spell: Apportation
   145 | D        | Noticed an ogre
   151 | D        | Killed an ogre
   152 | D        | Reached skill level 6 in Spellcasting
   152 | D        | Reached XP level 4. HP: 27/35 MP: 0/0
   152 | D        | Reached XP level 5. HP: 31/40 MP: 0/0
   152 | D        | Learned a level 2 spell: Blink
   220 | D        | Noticed Sigmund
   223 | D        | Killed Sigmund
   224 | D        | Reached skill level 8 in Spellcasting
   224 | D        | Reached XP level 6. HP: 41/49 MP: 0/0
   296 | D        | Found an ornate altar of the Wu Jian Council.
   308 | D        | Reached skill level 5 in Fighting
   308 | D        | Reached skill level 5 in Dodging
   339 | D        | Found Reicsit's Armour Emporium.
   339 | D        | Found a hazy altar of Hepliaklqana.
   339 | D        | Found a stormy altar of Qazlal.
   339 | D        | Found a hide-covered altar of Uskayaw.
   339 | D        | Found a blossoming altar of Fedhas.
   339 | D        | Found a bloodstained altar of Trog.
   339 | D        | Found an iron altar of Okawaru.
   339 | D        | Found a basalt altar of Yredelemnul.
   339 | D        | Found a glowing golden altar of the Shining One.
   339 | D        | Found a snail-covered altar of Cheibriados.
   339 | D        | Found a sacrificial altar of Ru.
   339 | D        | Found a glowing silver altar of Zin.
   339 | D        | Found a shadowy altar of Dithmenos.
   339 | D        | Found a white marble altar of Elyvilon.
   339 | D        | Noticed a yak
   344 | D        | Killed a yak
   345 | D        | Reached skill level 9 in Spellcasting
   345 | D        | Reached XP level 7. HP: 38/56 MP: 0/0
   345 | D        | Learned a level 3 spell: Summon Guardian Golem
   442 | D        | Found an opulent altar of Gozag.
   443 | D        | Found a sparkling altar of Nemelex Xobeh.
   455 | D        | Bought a +2 robe of cold resistance for 212 gold pieces
   471 | D        | Noticed Sonja
   477 | D        | Killed Sonja
   478 | D        | Reached skill level 11 in Spellcasting
   478 | D        | Reached XP level 8. HP: 56/65 MP: 0/0
   549 | D        | Noticed a centaur warrior
   560 | D        | Noticed a deep troll
   566 | D        | Killed a deep troll
   567 | D        | Reached skill level 12 in Spellcasting
   567 | D        | Reached XP level 9. HP: 45/71 MP: 0/0
   567 | D        | Learned a level 3 spell: Lesser Beckoning
   728 | D        | Found a burning altar of Makhleb.
   728 | D        | Found a viscous altar of Jiyva.
   728 | D        | Found a shimmering altar of Xom.
   728 | D        | Found a corrupted altar of Lugonu.
   728 | D        | Noticed a slime creature
   735 | D        | Killed a slime creature
   751 | D        | Killed a hornet
   799 | D        | Noticed a kobold demonologist
   800 | D        | Noticed a kobold demonologist
   803 | D        | Killed a kobold demonologist
   803 | D        | Killed a kobold demonologist
   804 | D        | Reached skill level 13 in Spellcasting
   855 | D        | Noticed a demonic crawler
   855 | D        | Noticed a demonic crawler
   855 | D        | Noticed a demonic crawler
   855 | D        | Noticed a demonic crawler
   871 | D        | Noticed a centaur warrior
   880 | D        | Killed a centaur warrior
   881 | D        | Reached skill level 10 in Fighting
   881 | D        | Reached skill level 14 in Spellcasting
   881 | D        | Reached XP level 10. HP: 48/80 MP: 0/0
   882 | D        | Killed a centaur warrior
  1076 | D        | Noticed an oklob plant
  1089 | D        | Found Jistriunk's Armour Emporium.
  1109 | D        | Found Joenear's Jewellery Boutique.
  1117 | D        | Bought an amulet of regeneration for 330 gold pieces
  1170 | D        | Noticed a shining eye
  1170 | D        | Noticed a shining eye
  1170 | D        | Noticed a shining eye
  1199 | D        | Killed an oklob plant
  1250 | D        | Reached skill level 15 in Spellcasting
  1292 | D        | Paralysed by a floating eye for 3 turns
  1350 | D        | Killed an unseen horror
  1350 | D        | Killed an unseen horror
  1403 | D        | Reached XP level 11. HP: 83/87 MP: 0/0
  1403 | D        | Learned a level 5 spell: Agony
  1440 | D        | Found Ecoxas's General Store.
  1440 | D        | Found Ytotos's Antique Weapon Shoppe.
  1447 | D        | Found Mungaw's Antique Weapon Boutique.
  1447 | D        | Found Suh Kaw's General Store.
  1457 | D        | Found Coxuji's General Store.
  1473 | D        | Found Orhaet's Magic Scroll Shop.
  1475 | D        | Found Maitudwall's Antique Armour Emporium.
  1475 | D        | Found Zohumue's Assorted Antiques.
  1475 | D        | Found Kotuozu's Distillery.
  1475 | D        | Found Cororaceu's Magic Scroll Boutique.
  1475 | D        | Found Icvat's Antique Weapon Emporium.
  1475 | D        | Found Yptu's Armour Shop.
  1475 | D        | Found Yseg's Distillery.
  1479 | D        | Found Bipawa's Weapon Boutique.
  1507 | D        | Bought a scroll labelled QEASAF QAWNU for 20 gold pieces
  1507 | D        | Bought a scroll labelled GOXAKLI LILA for 20 gold pieces
  1507 | D        | Bought a scroll labelled VIZAZY FAEPS for 20 gold pieces
  1507 | D        | Bought a scroll labelled VUSTRI ZEIDESAO for 20 gold pieces
  1507 | D        | Bought a scroll labelled VIZAZY FAEPS for 20 gold pieces
  1507 | D        | Bought a red potion for 18 gold pieces
  1628 | D        | Slain by a demonic crawler

Illustrated notes

Levels and vault maps discovered:
D:        dungeon_sprint_1 [red_sonja_temple_1, red_sonja_temple_small_1]

Skill      XL: |  1  2  3  4  5  6  7  8  9 10 |
---------------+-------------------------------+-----
Dodging        | 3 4 5 6 7 8 |  8.1
Stealth        | 2 |  2.2
Spellcasting   | 4 6 8 9 11 12 14 15 | 15.9
Fighting       | 3 4 6 7 8 10 11 | 11.6
Unarmed Combat | |  0.7

Action                   |  1- 3 |  4- 6 |  7- 9 | 10-12 || total
-------------------------+-------+-------+-------+-------++-------
Melee: Unarmed           |     5 |       |       |       ||     5
       Whip              |       |       |     1 |       ||     1
       Dagger            |       |       |       |    22 ||    22
       Hand axe          |       |       |       |    10 ||    10
 Cast: Sting             |     5 |     7 |     8 |    22 ||    42
       Mephitic Cloud    |     1 |     2 |     6 |    15 ||    24
       Ignite Poison     |       |     2 |     6 |    18 ||    26
       Olgreb's Toxic Ra |       |       |     5 |     5 ||    10
       Blink             |       |       |     2 |     1 ||     3
       Summon Guardian G |       |       |       |     2 ||     2
  Use: Potion            |     1 |       |       |     1 ||     2
 Stab: Sleeping          |       |       |       |     1 ||     1
Armor: Robe              |       |       |     1 |    10 ||    11
Dodge: Dodged            |     1 |     3 |     6 |    42 ||    52

Table legend: (Time is in decaauts)
 A = Elapsed time spent in this place.
 B = Non-inter-level travel time spent in this place.
 C = Inter-level travel time spent in this place.
 D = Time resting spent in this place.
 E = Time spent auto-exploring this place.
 F = Levels seen in this place.
 G = Mean time per level.
                   A        B        C        D        E       F      G
               +--------+--------+--------+--------+--------+-----+--------+
         Total |   1637 |   1606 |     31 |    909 |      0 |   1 | 1637.0 |
       Dungeon |   1637 |   1606 |     31 |    909 |      0 |   1 | 1637.0 |
               +--------+--------+--------+--------+--------+-----+--------+

Top non-repeatable levels by time:
       D: 1637 daAuts
